Map: Ulrena

Players

IllIlIllIIlI

  • Race: Zerg Zerg
  • League: Diamond

A.I. 1 (Medium) - Winner!

  • Race: Terran Terran

VOD

Have the link to the VOD?

Description

Time

  • Played on: Feb. 17, 2016, 7 a.m.
  • Length: 8:27
Show
View Real Time Build Order
Export as new Build Order

IllIlIllIIlI Zerg 

Build Orders: Hatch First 

Get SALT Encoding   

  12  0:01  Drone  
  13  0:13  Overlord  
  13  0:17  Drone  
  14  0:31  Drone x2  
  14  0:35  Drone  
  17  0:53  Hatchery  
  17  0:55  Drone  
  17  1:00  Drone  
  17  1:03  Extractor  
  17  1:15  Spawning Pool  
  17  1:17  Drone  
  17  1:21  Drone  
  18  1:29  Drone  
  19  1:39  Overlord  
  19  2:01  Queen  
  19  2:02  Zergling x4  
  19  2:05  Queen  
  19  2:07  Metabolic Boost  
  25  2:11  Drone  
  26  2:16  Drone  
  26  2:18  Drone  
  26  2:22  Drone  
  29  2:27  Drone  
  30  2:33  Overlord  
  30  2:40  Queen  
  32  2:47  Queen  
  32  2:51  Drone  
  35  2:52  Drone  
  35  2:55  Drone  
  35  2:57  Drone  
  38  3:00  Drone  
  39  3:06  Drone  
  39  3:10  Drone x3  
  43  3:14  Overlord  
  43  3:32  Hatchery, Overlord  
  42  3:36  Drone  
  42  3:37  Drone x2  
  42  3:39  Drone  
  47  3:41  Drone  
  47  3:46  Drone  
  48  3:53  Drone  
  48  3:54  Drone x3  
  52  4:00  Roach Warren  
  52  4:02  Evolution Chamber  
  50  4:04  Evolution Chamber  
  50  4:09  Drone  
  50  4:10  Overlord x2  
  50  4:16  Extractor  
  49  4:21  Drone x3  
  52  4:26  Extractor  
  52  4:29  Zerg Missile Weapons Level 1  
  52  4:30  Zerg Ground Armor Level 1  
  51  4:41  Roach x3  
  57  4:48  Extractor  
  57  4:49  Roach  
  57  4:51  Roach  
  60  5:03  Overlord x2  
  61  5:07  Drone x3  
  61  5:08  Ravager x3  
  66  5:16  Drone x8  
  74  5:24  Drone x2  
  74  5:27  Lair  
  76  5:29  Drone x5  
  81  5:41  Overlord  
  81  5:45  Extractor  
  81  5:47  Extractor  
  81  5:48  Drone x3  
  81  5:49  Drone x3  
  85  5:51  Drone  
  85  5:54  Overlord  
  86  5:58  Roach x6  
  98  6:13  Drone x2  
  98  6:14  Drone x2  
  98  6:15  Roach x2  
  98  6:16  Roach  
  108  6:18  Hatchery  
  108  6:23  Overlord  
  108  6:25  Glial Reconstitution  
  107  6:28  Infestation Pit  
  107  6:29  Drone  
  107  6:31  Ravager x2  
  107  6:32  Ravager x4  
  113  6:42  Hatchery  
  113  6:46  Drone  
  108  7:03  Extractor  
  108  7:05  Hive  
  107  7:09  Extractor  
  107  7:12  Overlord x5  
  107  7:13  Roach  
  107  7:14  Roach x6  
  107  7:15  Roach  
  122  7:22  Pathogen Glands  
  122  7:29  Overlord x3  
  122  7:31  Drone  
  122  7:32  Drone x2  
  125  7:44  Overseer  
  125  7:48  Drone x2  
  127  7:53  Drone x2  
  135  8:00  Roach  
  135  8:01  Roach x6  
  151  8:13  Drone x2  
  151  8:14  Drone  
  154  8:24  Ultralisk Cavern  
Show
View Real Time Build Order
Export as new Build Order

A.I. 1 (Medium) Terran - Winner!

Build Orders:  

Get SALT Encoding   

  12  0:00  SCV  
  13  0:13  SCV  
  14  0:20  Supply Depot  
  14  0:25  SCV  
  15  0:41  SCV  
  16  0:44  Barracks  
  16  0:50  Refinery  
  16  0:54  SCV  
  17  1:06  SCV  
  18  1:18  Supply Depot  
  18  1:31  Marine  
  19  1:34  Orbital Command, Barracks  
  19  1:43  Refinery  
  19  1:50  Barracks Tech Lab  
  19  2:09  Marine  
  19  2:12  Supply Depot  
  20  2:22  Marine  
  21  2:34  Marine  
  22  2:47  Marine  
  22  2:49  Supply Depot  
  23  2:57  SCV  
  24  3:00  Marine  
  25  3:09  SCV  
  26  3:14  Engineering Bay  
  26  3:19  Marauder  
  28  3:21  SCV  
  28  3:26  Marine  
  30  3:33  SCV  
  31  3:40  Marauder  
  33  3:45  SCV  
  34  3:49  Supply Depot  
  34  3:57  SCV  
  34  4:01  Marauder  
  37  4:23  Marauder  
  39  4:44  Marauder  
  41  6:06  SCV  
  41  6:32  Marine, Barracks Tech Lab  
  42  6:33  Factory  
  42  6:35  Factory  
  42  6:36  Missile Turret  
  42  6:40  Supply Depot  
  42  6:41  Missile Turret  
  42  6:46  Command Center, Sensor Tower  
  42  6:49  Barracks  
  42  6:55  Marine  
  36  7:03  Bunker  
  36  7:07  Marine  
  27  7:18  Marine  
  27  7:20  Starport, Factory Tech Lab x2  
  28  7:24  Armory  
  28  7:30  Marine  
  29  7:38  Barracks Reactor  
  29  7:41  Marine  
  29  7:52  Marine  
  29  7:56  Starport Tech Lab  
  30  7:59  SCV  
  30  8:01  SCV  
  30  8:04  Marine  
  33  8:10  Missile Turret, Refinery  
  33  8:11  SCV  
  34  8:13  Missile Turret  
  34  8:14  SCV  
  34  8:16  Refinery  
Tags
 
League
Diamond
Matchup
TvZ
Add a new tag
Caveats
  • Supply blocks, unpowered buildings, or Contaminate may cause inaccurate times.
  • Supply counts are checked every 10 seconds.